 Dungeon Crawl Stone Soup version 0.22-b1-59-g0aedee734a (webtiles) character file.

129 IceCat the Shield-Bearer (level 5, -5/33 HPs)
             Began as a Gargoyle Fighter on Aug 10, 2018.
             Slain by a gnoll
             ... wielding a +0 spear
              (6 damage)
             ... on level 2 of the Dungeon.
             The game lasted 00:03:04 (1143 turns).

IceCat the Shield-Bearer (Gargoyle Fighter)         Turns: 1143, Time: 00:03:05

Health: -5/33      AC: 11    Str: 21    XL:     5   Next: 12%
Magic:  5/5        EV:  7    Int:  8    God:
Gold:   32         SH:  9    Dex:  9    Spells: 4/4 levels left

rFire    . . .     SeeInvis .   a - +0 flail
rCold    . . .     Gourm    .   c - +0 shield
rNeg     + . .     Faith    .   b - +0 scale mail
rPois    ∞         Spirit   .   (no helmet)
rElec    +         Reflect  .   (no cloak)
rCorr    .         Harm     .   (no gloves)
MR       .....                  (no boots)
Stlth    ..........             j - amulet of inaccuracy (curse)
HPRegen  0.11/turn              (no ring)
MPRegen  0.09/turn              (no ring)

@: no status effects
A: negative energy resistance 1, electricity resistance, unbreathing,
petrification resistance, rot immunity, AC +4
a: no special abilities


You were on level 2 of the Dungeon.
You were not hungry.

You visited 1 branch of the dungeon, and saw 2 of its levels.

You collected 32 gold pieces.

Inventory:

Hand Weapons
 a - a +0 flail (weapon)
Armour
 b - a +0 scale mail (worn)
 c - a +0 shield (worn)
Jewellery
 j - a cursed amulet of inaccuracy (around neck)
Potions
 d - 2 potions of might
 e - a potion of degeneration {unknown}
 g - a potion of curing {unknown}
 i - a potion of haste
 k - a potion of mutation {unknown}
Comestibles
 f - 5 rations


   Skills:
 + Level 3.9 Fighting
 * Level 3.9 Maces & Flails
 + Level 3.7 Armour
 + Level 4.1 Shields


You had 4 spell levels left.
You didn't know any spells.
Your spell library was empty.

Dungeon Overview and Level Annotations

Branches:
Dungeon (2/15)

Altars:


Innate Abilities, Weirdness & Mutations

You are resistant to torment.
Your stone body is resilient. (AC +4)
You are immune to poison.
You resist negative energy. (rN+)
You are resistant to electric shocks. (rElec)
You can survive without breathing.
You are immune to petrification.
You are immune to rotting.


Message History

The gnoll hits you from afar with a spear.
* * * LOW HITPOINT WARNING * * *
You block the gnoll's attack.
You sock the gnoll!
You kill the gnoll!
The gnoll hits you but does no damage. The gnoll hits you but does no damage.
Items here: ))) †† a club; a flail; a club; a gnoll corpse; a hobgoblin corpse You barely miss the gnoll.
The gnoll closely misses you.
You hit the gnoll.
The gnoll is lightly wounded.
The gnoll hits you but does no damage. You block the gnoll's attack.
Your shield and scale mail prevent you from hitting the gnoll.
The gnoll is lightly wounded.
The gnoll hits you but does no damage.
You closely miss the gnoll.
The gnoll is lightly wounded.
The gnoll hits you with a spear.
You die...

#.....# #.....#
###.....##
#........###..
###........'...
#..........#
#........).#
#####...............
#..@g().............
#.###..........##...
#.# #.....###### ..
#.# #.....# . #.#
#.....# #.# #.....#
#.# ####### #.# #.#


You could see a gnoll.

Vanquished Creatures
  An orc wizard (D:2)
  3 gnolls (D:2)
  3 oozes (D:1)
  2 dart slugs (D:1)
  2 leopard geckos (D:1)
  3 orcs (D:2)
  4 bats
  3 giant cockroaches (D:1)
  6 goblins (D:1)
  7 hobgoblins
  2 jackals (D:1)
  5 kobolds
  A quokka (D:2)
  2 frilled lizards (D:1)
  A rat (D:1)
45 creatures vanquished.

Notes
Turn   | Place    | Note
-------+----------+-------------------------------------------
     0 | D:1      | IceCat the Gargoyle Fighter began the quest for the Orb.
     0 | D:1      | Reached XP level 1. HP: 14/14 MP: 1/1
    21 | D:1      | Reached XP level 2. HP: 17/20 MP: 2/2
   151 | D:1      | Reached XP level 3. HP: 24/24 MP: 3/3
   729 | D:2      | Reached XP level 4. HP: 6/29 MP: 4/4
  1067 | D:2      | Reached skill level 4 in Shields
  1126 | D:2      | Reached XP level 5. HP: 6/33 MP: 5/5
  1137 | D:2      | HP: 1/33 [gnoll/spear (3)]
  1143 | D:2      | Slain by a gnoll

Skill      XL: |  1  2  3  4 |
---------------+-------------+-----
Maces & Flails | 3 |  3.9
Shields        | 4 |  4.1
Fighting       | |  3.9
Armour         | |  3.7

Action                   |  1- 3 |  4- 6 || total
-------------------------+-------+-------++-------
Melee: Flail             |   159 |    76 ||   235
  Use: Scroll            |     3 |     2 ||     5
  Eat: Chunk             |       |     1 ||     1
Armor: Scale mail        |   129 |    35 ||   164
Dodge: Dodged            |    51 |    19 ||    70
Block: Shield            |   111 |    53 ||   164
